 Dungeon Crawl Stone Soup version 0.28-a0-863-g8cecda6153 (webtiles) character file.

Game seed: 7847221953813646598

118 patchburns1 the Magician (level 5, 0/38 HPs)
             Began as a Djinni Hedge Wizard on Nov 18, 2021.
             Slain by an ogre (14 damage)
             ... on level 1 of the Dungeon.
             The game lasted 00:21:44 (4008 turns).

patchburns1 the Magician (Djinni Hedge Wizard)      Turns: 4008, Time: 00:21:44

Health: 0/38       AC:  2    Str:  9    XL:     5   Next: 23%
Gold:   106        EV: 12    Int: 16    God:
                   SH:  0    Dex: 13

rFire   + + .      SeeInvis .   a - +0 dagger
rCold   x . .      Faith    .   (no shield)
rNeg    . . .      Spirit   .   b - +0 robe
rPois   ∞          Reflect  .   c - +0 hat
rElec   .          Harm     .   (no cloak)
rCorr   .          Rampage  .   (no gloves)
Will    .....                   (boots unavailable)
Stlth   ++........              (no amulet)
HPRegen 0.12/turn               (no ring)
MPRegen 0.00/turn               (no ring)

@: flying
A: sickness immunity, fire resistance 2, cold vulnerability 1, float, innate
caster, hp casting, extra vitality 1
a: no special abilities


You were on level 1 of the Dungeon.
You visited 1 branch of the dungeon, and saw 3 of its levels.

You collected 106 gold pieces.

Inventory:

Hand Weapons
 a - a +0 dagger (weapon)
 e - a +0 rapier
 g - a +0 spear
 o - a +0 hunting sling
Missiles
 i - 47 arrows
 j - a throwing net
 k - 45 stones
 l - 16 bolts
 m - 47 sling bullets
 n - 5 javelins
Armour
 b - a +0 robe (worn)
 c - a +0 hat (worn)
Scrolls
 d - 2 scrolls of silence
 f - a scroll of enchant armour
 p - a scroll of magic mapping
Potions
 h - a potion of might


   Skills:
 * Level 1.8 Fighting
 + Level 0.9 Short Blades
 + Level 1.0 Armour
 + Level 2.6 Dodging
 + Level 2.0 Stealth
 * Level 3.3 Spellcasting


You couldn't memorise any spells.
You knew the following spells:

 Your Spells              Type           Power      Damage    Failure   Level
a - Magic Dart            Conj           52%        1d5       4%          1
b - Blink                 Tloc           26%        N/A       7%          2
c - Call Imp              Summ           13%        N/A       7%          2
d - Slow                  Hex            52%        N/A       4%          1
e - Conjure Flame         Conj/Fire      13%        6-21      14%         3
f - Mephitic Cloud        Conj/Pois/Air  13%        N/A       14%         3
g - Freeze                Ice            52%        1d7       4%          1
h - Corpse Rot            Necr/Air       26%        N/A       7%          2
Your spell library was empty.

Dungeon Overview and Level Annotations

Branches:
Dungeon (3/15)

Altars:
Cheibriados

Annotations:
D:3 Grinder


Innate Abilities, Weirdness & Mutations

You are immune to sickness and miasma.
You are immune to poison.
Your flesh is very heat resistant. (rF++)
You are vulnerable to cold. (rC-)
You float through the air rather than walking.
You learn spells naturally, not from books.
Your magical power is your life essence.
You have superior vitality. (+4 HP)


Message History

Pain shoots through your body!
* * * LOW HITPOINT WARNING * * *
Grinder gestures at you.
You suddenly lose the ability to move!
Grinder says, "You look like you could use a good racking."
Grinder gestures at you. You resist with significant effort.
Grinder hits you but does no damage.
You can move again.
Grinder blinks!
Grinder blinks!
As you open the door, it creaks loudly! The ogre closely misses you.
Grinder blinks!
A kobold comes into view. It is wielding a +0 short sword.
There is an open door here.
The kobold throws a stone.
The stone closely misses you.
The kobold throws a stone.
The stone barely misses you.
There is an open door here.
Grinder blinks!
There is a stone staircase leading up here.
The ogre closely misses you.
You fly upwards.
There is a stone staircase leading down here.
You see here a +0 short sword.
Aiming: Magic Dart (safe; 4% risk of failure)
Press: ? - help, Q - select action, (/) - cycle Shift-Dir - straight line, f - ogre
Aim: an ogre, wielding a +0 giant spiked club (100% to hit)
The magic dart hits the ogre.
The ogre is lightly wounded.
There is a stone staircase leading up here.
Aiming: Magic Dart (safe; 4% risk of failure)
Press: ? - help, Q - select action, (/) - cycle Shift-Dir - straight line, f/p - ogre
Aim: an ogre, wielding a +0 giant spiked club (lightly wounded, 100% to hit)
The magic dart hits the ogre.
The ogre is lightly wounded.
The ogre hits you with a +0 giant spiked club!
You fly upwards.
There is a stone staircase leading down here.
The ogre hits you with a +0 giant spiked club!
You die...

#.#......#
.........#
#.#......#########
#.#......#.......#
#.#......#.#####.#
#.########.# #.#
#....# #.### #.#
####.# #...# #.#
####.#######.###@#
...............O>#
...#.#.#####.#####
.#.#.#.# #.#
.....#+#####.#
####.....)...# #
#.........# #
#.........# ##
#.........#


You could see an ogre.

Vanquished Creatures
  7 adders (D:2)
  2 dart slugs
  2 ball pythons (D:2)
  3 endoplasms
  A giant cockroach (D:2)
  9 goblins
  4 hobgoblins
  2 quokkas
  2 bats (D:2)
  3 frilled lizards
  5 kobolds
  4 rats
44 creatures vanquished.

Vanquished Creatures (collateral kills)
  A worm (D:3)
  An orc (D:3)
  A ball python (D:2)
  A hobgoblin (D:2)
4 creatures vanquished.

Grand Total: 48 creatures vanquished

Notes
Turn   | Place    | Note
-------+----------+-------------------------------------------
     0 | D:1      | patchburns1 the Djinni Hedge Wizard began the quest for the
                  | Orb.
     0 | D:1      | Reached XP level 1. HP: 15/15 MP: 0/0
   608 | D:1      | Reached XP level 2. HP: 10/21 MP: 0/0
  1818 | D:2      | Reached skill level 3 in Spellcasting
  1818 | D:2      | Reached XP level 3. HP: 23/26 MP: 0/0
  1818 | D:2      | Learned a level 1 spell: Freeze
  1877 | D:2      | Found a faded altar of an unknown god.
  2002 | D:2      | Reached skill level 1 in Fighting
  2002 | D:2      | Reached XP level 4. HP: 15/32 MP: 0/0
  2995 | D:2      | Reached XP level 5. HP: 25/37 MP: 0/0
  2995 | D:2      | Learned a level 2 spell: Corpse Rot
  3193 | D:2      | Reached skill level 1 in Armour
  3263 | D:3      | Found a snail-covered altar of Cheibriados.
  3816 | D:3      | Noticed Grinder
  3817 | D:3      | Noticed an ogre
  3869 | D:3      | Paralysed by Grinder for 5 turns
  4008 | D:1      | Slain by an ogre

Illustrated notes

Levels and vault maps discovered:
D:1:      amcnicky_arrival_double_pillar, layout_basic
D:2:      layout_basic, hellmonk_ecumenical_altar_inner_sanctum
D:3:      layout_loops_corners, mainiacjoe_overflow_boulevard, uniq_grinder

Skill      XL: |  1  2  3  4  5 |
---------------+----------------+-----
Spellcasting   | 3 |  3.3
Fighting       | 1 |  1.8
Stealth        | 2 |  2.0
Armour         | 1 |  1.0
Short Blades   | |  0.9
Dodging        | |  2.6

Action                   |  1- 3 |  4- 6 || total
-------------------------+-------+-------++-------
Melee: Dagger            |    23 |    45 ||    68
 Cast: Magic Dart        |    48 |    47 ||    95
       Blink             |     1 |       ||     1
       Call Imp          |       |     6 ||     6
       Corpse Rot        |       |     1 ||     1
  Use: Scroll            |       |     4 ||     4
 Stab: Sleeping          |     1 |     2 ||     3
Armor: Robe              |     2 |     8 ||    10
Dodge: Dodged            |     9 |    32 ||    41

Table legend: (Time is in decaauts)
 A = Elapsed time spent in this place.
 B = Non-inter-level travel time spent in this place.
 C = Inter-level travel time spent in this place.
 D = Time resting spent in this place.
 E = Time spent auto-exploring this place.
 F = Levels seen in this place.
 G = Mean time per level.
                   A        B        C        D        E       F      G
               +--------+--------+--------+--------+--------+-----+--------+
         Total |   4005 |   4005 |      0 |   1427 |   1394 |   3 | 1335.0 |
       Dungeon |   4005 |   4005 |      0 |   1427 |   1394 |   3 | 1335.0 |
               +--------+--------+--------+--------+--------+-----+--------+

Top non-repeatable levels by time:
     D:1: 1763 daAuts
     D:2: 1586 daAuts
     D:3: 655 daAuts
